 Dungeon Crawl Stone Soup version 0.18-a0-1542-g9c1a92e (console) character file.

318 Liam the Conjurer (level 6, -3/32 HPs)
             Began as a Deep Elf Conjurer on Mar 10, 2016.
             Slain by a gnoll
             ... wielding a +0 spear
              (9 damage)
             ... on level 3 of the Dungeon.
             The game lasted 00:05:50 (3923 turns).

Liam the Conjurer (Deep Elf Conjurer)               Turns: 3923, Time: 00:05:50

Health: -3/32      AC:  2    Str:  5    XL:     6   Next: 21%
Magic:  17/17      EV:  8    Int: 22    God:
Gold:   197        SH:  0    Dex: 15    Spells: 1 memorised, 17 levels left

rFire  . . .     SeeInvis .     (no weapon)
rCold  . . .     Gourm    .     a - +0 robe
rNeg   . . .     Faith    .     (no shield)
rPois  .         Spirit   .     (no helmet)
rElec  .         Dismiss  .     (no cloak)
rCorr  .         Reflect  .     (no gloves)
SustAt .         Harm     .     (no boots)
MR     .....                    l - amulet of rage (curse)
Stlth  ++........               (no ring)
                                (no ring)

@: not resistant to hostile enchantments, unstealthy
A: no striking features
a: Evoke Berserk Rage


You were on level 3 of the Dungeon.
You were hungry.

You visited 1 branch of the dungeon, and saw 4 of its levels.

You collected 197 gold pieces.

Inventory:

Armour
 a - a +0 robe (worn)
Jewellery
 k - an uncursed amulet of dismissal
 l - a cursed amulet of rage (around neck)
 s - a cursed -4 ring of intelligence {unknown}
 v - an uncursed ring of protection from fire {unknown}
Wands
 j - a wand of slowing (9/48)
Scrolls
 d - a scroll of remove curse {unknown}
 h - 2 scrolls of identify {unknown}
 i - 2 scrolls of random uselessness {unknown}
 m - 4 scrolls of enchant armour {unknown}
 q - a scroll of enchant weapon {unknown}
 t - a scroll of magic mapping {unknown}
Potions
 e - 4 potions of curing
 g - a potion of flight {unknown}
 o - a potion of cure mutation {unknown}
 p - a potion of invisibility {unknown}
 r - a potion of haste {unknown}
 u - a potion of brilliance {unknown}
Books
 b - a book of Conjurations

   Spells                             Type                      Level
   a - Magic Dart                     Conjuration                  1
   b - Searing Ray                    Conjuration                  2
   c - Dazzling Spray                 Conjuration/Hexes            3
   d - Fulminant Prism                Conjuration/Hexes            4
   e - Iskenderun's Mystic Blast      Conjuration                  4
   f - Iskenderun's Battlesphere      Conjuration/Charms           5
Comestibles
 c - 3 bread rations
 f - a royal jelly
 n - 3 fruits


   Skills:
 - Level 2.4 Dodging
 - Level 2.4 Stealth
 + Level 6.5 Spellcasting
 + Level 6.6 Conjurations


You had 17 spell levels left.
You knew the following spells:

 Your Spells              Type           Power        Failure   Level  Hunger
a - Magic Dart            Conj           ####         1%          1    None


Dungeon Overview and Level Annotations

Branches:
Dungeon (4/15)
 Temple: D:4-7

Altars:
Dithmenos
Elyvilon
Qazlal
Ru


Message History

The gnoll misses you.
Casting: Magic Dart
Confirm with . or Enter, or press ? or * to list all spells.
Aiming: Magic Dart
Press: ? - help, Shift-Dir - straight line, f - gnoll
Aim: a gnoll, wielding a spear (lightly wounded)
The magic dart hits the gnoll.
The gnoll is heavily wounded.
Casting: Magic Dart
Confirm with . or Enter, or press ? or * to list all spells.
Aiming: Magic Dart
Press: ? - help, Shift-Dir - straight line, f/p - gnoll
Aim: a gnoll, wielding a spear (heavily wounded)
The magic dart hits the gnoll.
The gnoll is heavily wounded.
The gnoll hits you from afar with a spear.
* * * LOW HITPOINT WARNING * * *
There is a stone staircase leading up here.
The gnoll hits you from afar with a spear!
You die...

...#.##.#######.# #........#
...#.##.........##
####.#####
...#.#.....g.....#######..<#
#..#.##.####.............###
#..#.....# #.###.#########
...g.....# #.# #.#
#........# #.# #.#
.....##.####.###.##
..............g.@(#
#.....######.###..# #.#...#
#.# #..#
..#.>.######.###..#####
#.....................#
###....#####.###..#####
##...# #.# #...#
####...#####.####..########
#......##.................#


You could see a gnoll.

Vanquished Creatures
  An orc wizard (D:3)
  2 iguanas
  Ijyb (D:2)
  Natasha (twice) (D:2)
  2 worker ants (D:3)
  A gnoll (D:3)
  3 adders
  An ooze (D:1)
  2 worms (D:2)
  A dart slug (D:1)
  3 giant geckos
  5 orcs (D:3)
  6 bats
  2 giant cockroaches
  9 goblins
  8 hobgoblins
  3 jackals (D:1)
  3 kobolds
  A quokka (D:2)
  A ball python (D:2)
  3 giant newts
  4 rats
64 creatures vanquished.

Notes
Turn   | Place    | Note
--------------------------------------------------------------
     0 | D:1      | Liam the Deep Elf Conjurer began the quest for the Orb.
     0 | D:1      | Reached XP level 1. HP: 10/10 MP: 6/6
   208 | D:1      | Reached XP level 2. HP: 15/15 MP: 4/8
   799 | D:1      | Reached skill level 5 in Conjurations
   842 | D:2      | Reached XP level 3. HP: 19/19 MP: 6/10
   875 | D:2      | Noticed Ijyb
  1158 | D:2      | Found a stormy altar of Qazlal.
  1496 | D:2      | Found a white marble altar of Elyvilon.
  1542 | D:2      | Killed Ijyb
  1542 | D:2      | Reached XP level 4. HP: 10/24 MP: 0/12
  1667 | D:2      | Noticed Natasha
  1671 | D:2      | Killed Natasha
  1697 | D:2      | Reached skill level 5 in Spellcasting
  1835 | D:2      | Noticed Natasha
  2200 | D:2      | Killed Natasha
  2200 | D:2      | Reached XP level 5. HP: 21/28 MP: 8/14
  2308 | D:3      | Found a shadowy altar of Dithmenos.
  2652 | D:3      | Found a sacrificial altar of Ru.
  3186 | D:3      | HP: 1/28 [poisoned by a worker ant]
  3375 | D:4      | Reached XP level 6. HP: 19/32 MP: 10/17
  3923 | D:3      | Slain by a gnoll

Vault maps used:
D:1:      lightli_arrival_statuegarden
D:2:      grunt_qazlal_clouds, nicolae_overflow_hidden_temple, first_bread,
          uniq_natasha, uniq_iyjb
D:3:      nicolae_ru_great_annihilating_truth, grunt_dithmenos_smoke_and_mirrors
D:4:      cheibrodos_ashenzari_chains

Skill      XL: |  1  2  3  4  5 |
---------------+----------------+-----
Conjurations   | 5 6 |  6.6
Spellcasting   | 4 5 6 |  6.5
Dodging        | |  2.4
Stealth        | |  2.4

Action                   |  1- 3 |  4- 6 || total
-------------------------+-------+-------++-------
Melee: Unarmed           |     8 |       ||     8
 Cast: Magic Dart        |    84 |   103 ||   187
Evoke: Wand              |     2 |       ||     2
  Use: Potion            |       |     2 ||     2
  Eat: Chunk             |     1 |     6 ||     7
       Fruit             |       |     1 ||     1
